 Dungeon Crawl Stone Soup version 0.26-a0-651-gb41185065b (webtiles) character file.

Game seed: 1699452876869411690

16933 Flugslaktarn the Cleaver (level 12, -13/117 HPs)
             Began as a Deep Dwarf Fighter on Oct 6, 2020.
             Was an Elder of Makhleb.
             Hit by a large rock thrown by a cyclops (22 damage)
             ... on level 13 of the Dungeon.
             The game lasted 00:05:39 (7983 turns).

Flugslaktarn the Cleaver (Deep Dwarf Fighter)       Turns: 7983, Time: 00:05:40

Health: -13/117    AC: 20    Str: 21    XL:     12   Next: 14%
Magic:  9/9        EV:  5    Int: 11    God:    Makhleb [****..]
Gold:   684        SH: 12    Dex: 14    Spells: 11/11 levels left

rFire    . . .     SeeInvis +   a - +1 war axe
rCold    . . .     Faith    .   c - +0 kite shield
rNeg     . . .     Spirit   .   n - +0 plate armour
rPois    +         Reflect  .   x - +2 helmet
rElec    .         Harm     .   y - +0 cloak
rCorr    .         Rampage  .   (no gloves)
MR       +....                  A - +0 pair of boots
Stlth    ..........             (no amulet)
HPRegen  0.00/turn              o - ring of poison resistance
MPRegen  0.11/turn              i - ring of see invisible

@: non-regenerating
A: damage resistance, heal wounds, sense surroundings 2, no regeneration
a: Heal Wounds, Minor Destruction, Lesser Servant of Makhleb, Major Destruction,
Renounce Religion


You were on level 13 of the Dungeon.
You worshipped Makhleb.
Makhleb was greatly pleased with you.
You visited 2 branches of the dungeon, and saw 14 of its levels.

You collected 801 gold pieces.
You spent 117 gold pieces at shops.

Inventory:

Hand Weapons
 a - a +1 war axe (weapon)
Armour
 c - a +0 kite shield (worn)
 n - a +0 plate armour (worn)
   (You found it on level 8 of the Dungeon)
 x - a +2 helmet (worn)
   (You found it on level 11 of the Dungeon)
 y - a +0 cloak (worn)
   (You took it off Crazy Yiuf on level 6 of the Dungeon)
 A - a +0 pair of boots (worn)
   (You found it on level 10 of the Dungeon)
Jewellery
 i - a ring of see invisible (right hand)
   (You found it on level 2 of the Dungeon)
 k - an uncursed ring of resist corrosion
   (You found it on level 9 of the Dungeon)
 o - a ring of poison resistance (left hand)
   (You found it on level 9 of the Dungeon)
Wands
 u - a wand of paralysis (13)
   (You found it on level 7 of the Dungeon)
Scrolls
 b - 3 scrolls of enchant weapon
 e - a scroll of fear
 j - a scroll of holy word {unknown}
 l - 3 scrolls of enchant armour
 r - 5 scrolls of identify
 t - 6 scrolls of teleportation
 B - 2 scrolls of amnesia {unknown}
Potions
 d - 2 potions of might
 f - 2 potions of flight
 g - a potion of berserk rage
 h - 3 potions of haste
 m - 2 potions of stabbing
 p - 2 potions of lignification
 q - 5 potions of curing
 s - 4 potions of brilliance
 v - a potion of cancellation
 w - 2 potions of heal wounds
 z - a potion of ambrosia


   Skills:
 * Level 10.4 Fighting
 * Level 11.8 Axes
 + Level 9.1 Armour
 + Level 9.0 Shields
 + Level 9.3 Invocations


You had 11 spell levels left.
You didn't know any spells.
Your spell library was empty.

Dungeon Overview and Level Annotations

Branches:
Dungeon (13/15)            Temple (1/1) D:4            Lair (0/6) D:10
    Orc (0/2) D:12         Vaults (0/5) D:13

Altars:
Ashenzari
Cheibriados
Dithmenos
Elyvilon
Fedhas
Gozag
Hepliaklqana
Kikubaaqudgha
Makhleb
Nemelex Xobeh
Okawaru
Qazlal
Ru
Trog
Uskayaw
Vehumet
Wu Jian
Xom
Yredelemnul
Zin
The Shining One

Shops:
D:4 [[**   D:5 (   D:6 [   D:7 **   D:12 !

Annotations:
D:4 exclusion: statue
D:13 Jorgrun


Innate Abilities, Weirdness & Mutations

You are resistant to damage.
You can heal yourself by infusing magical energy.
You passively map the area around you.
You do not regenerate.


Message History

The grasping roots constrict you.
You slash the cyclops!
The cyclops is moderately wounded.
You closely miss Jorgrun.
The cyclops hits you but does no damage.
You block Jorgrun's attack. The grasping roots constrict you!
You feel much better. The cyclops hits you! You block Jorgrun's attack.
The grasping roots constrict you!
You slash the cyclops!
The cyclops is severely wounded.
You miss Jorgrun.
You escape the roots' grasp.
You block Jorgrun's attack.
The cyclops throws a large rock.
The large rock hits you!!
* * * LOW HITPOINT WARNING * * *
You see here a large rock.
Jorgrun casts a spell past you.
The wall shatters!
The blast of rock fragments hits you!
* * * LOW HITPOINT WARNING * * *
The cyclops throws a large rock.
The large rock hits you!!
You die...

#....................#
,
#.######.##.#......#.##
,* #.#
###....#.#######.# #.#
*#.#.#####.## ##.## *
#.# ,#..## ##.###>.# ,
#.## *##..####...#.#.#
*, ** ,#.#
##............# *
#.###..####.####### , *
* #.#..## ##@## *
#.#.####...## ,
#..#.##...<.#
#.###...(g..####*
#..#.#....C..... *
#.#.###....##### * **
#.### ##..## * *#.#
##.# *, ,, ,... #.#


You could see Jorgrun (resistant) and a cyclops.

Vanquished Creatures
  4 vault guards (D:13)
  3 two-headed ogres
  2 manticores
  An ugly thing (D:12)
  A cyclops (D:13)
  A gargoyle (D:13)
  4 trolls
  Grinder (D:6)
  4 hippogriffs
  Sigmund (D:6)
  A vampire (D:13)
  10 yaks
  A wraith (D:11)
  A wyvern (D:13)
  A basilisk (D:13)
  2 steam dragons
  An acid dragon (D:11)
  Duvessa (D:4)
  4 orc warriors
  4 ice beasts
  A phantom (D:11)
  A black bear (D:11)
  2 necrophages (D:5)
  2 wolves (D:10)
  3 ogres
  5 sky beasts
  An eye of draining (D:13)
  2 crocodiles
  5 centaurs
  10 bullfrogs
  A gnoll sergeant (D:8)
  A wyvern skeleton (D:10)
  Dowan (D:4)
  A scorpion (D:6)
  6 killer bees (D:8)
  3 electric eels (D:10)
  13 wights
  A howler monkey (D:11)
  A bullfrog zombie (D:12)
  A quasit (D:11)
  Crazy Yiuf (D:6)
  11 hounds
  4 orc wizards
  4 bullfrog skeletons
  5 jellies
  2 centaur skeletons
  An iguana (D:5)
  7 worker ants
  A hound skeleton (D:6)
  A hound zombie (D:8)
  7 gnolls
  7 adders
  A shadow imp (D:9)
  3 white imps
  2 adder skeletons
  An adder zombie (D:8)
  2 worms (D:5)
  2 dart slugs
  A leopard gecko (D:10)
  35 orcs
  3 bats
  4 giant cockroaches
  24 jackals
  6 quokkas
  A ball python (D:2)
  A frilled lizard (D:3)
  2 goblins
  A kobold (D:2)
  3 rats
252 creatures vanquished.

Vanquished Creatures (others)
  3 fungi (D:6)
  3 plants (D:7)
  A withered plant (D:8)
7 creatures vanquished.

Grand Total: 259 creatures vanquished

Notes
Turn   | Place    | Note
-------+----------+-------------------------------------------
     0 | D:1      | Flugslaktarn the Deep Dwarf Fighter began the quest for the
                  | Orb.
     0 | D:1      | Reached XP level 1. HP: 20/20 MP: 1/1
    25 | D:2      | Found a faded altar of an unknown god.
    48 | D:2      | Reached XP level 2. HP: 24/27 MP: 2/2
   180 | D:3      | Reached XP level 3. HP: 30/34 MP: 3/3
   359 | D:3      | Reached skill level 3 in Axes
   370 | D:3      | Reached XP level 4. HP: 26/42 MP: 4/4
   573 | D:4      | Found Umneq's Assorted Antiques.
   581 | D:4      | Bought a scroll labeled ANTIKL BOIFAE for 24 gold pieces
   581 | D:4      | Bought a scroll labeled XEKAALL ELOSO for 24 gold pieces
   581 | D:4      | Bought a fuming ruby potion for 21 gold pieces
   581 | D:4      | Bought a pink potion for 21 gold pieces
   594 | D:4      | Found Wuuc's General Store.
   641 | D:4      | Noticed Duvessa
   641 | D:4      | Noticed Dowan
   666 | D:4      | Killed Duvessa
   666 | D:4      | Reached skill level 4 in Axes
   666 | D:4      | Reached XP level 5. HP: 25/50 MP: 4/4
   685 | D:4      | Killed Dowan
   730 | D:4      | Found Iqaori Isti's Armour Shop.
   747 | D:4      | Reached XP level 6. HP: 36/57 MP: 5/5
   824 | D:4      | Found Hatuvug's Armour Shoppe.
   882 | D:4      | Found a staircase to the Ecumenical Temple.
   891 | Temple   | Entered the Ecumenical Temple
   959 | Temple   | Became a worshipper of Makhleb the Destroyer
  1075 | D:4      | Found a radiant altar of Vehumet.
  1173 | D:4      | Found a glowing golden altar of the Shining One.
  1173 | D:4      | Found a shadowy altar of Dithmenos.
  1222 | D:5      | Entered Level 5 of the Dungeon
  1476 | D:5      | Reached skill level 1 in Invocations
  1484 | D:5      | Reached skill level 5 in Axes
  1566 | D:5      | Reached XP level 7. HP: 30/63 MP: 7/7
  1613 | D:5      | Found a shadowy altar of Dithmenos.
  1645 | D:5      | Reached skill level 5 in Fighting
  1826 | D:5      | Found Dealoniapn's Weapon Shoppe.
  1941 | D:6      | Noticed Sigmund
  1959 | D:6      | Reached skill level 5 in Armour
  1960 | D:6      | Reached skill level 5 in Shields
  1969 | D:6      | Killed Sigmund
  1969 | D:6      | Reached skill level 6 in Axes
  1969 | D:6      | Reached XP level 8. HP: 46/75 MP: 9/9
  2097 | D:6      | Found Zomepri's Antique Armour Shop.
  2242 | D:6      | Reached * piety under Makhleb
  2365 | D:6      | Reached skill level 7 in Axes
  2369 | D:6      | Found a hazy altar of Hepliaklqana.
  2399 | D:6      | Noticed an angel
  2400 | D:6      | Found a glowing silver altar of Zin.
  2402 | D:6      | Found a shimmering altar of Xom.
  2475 | D:6      | Got a steaming jade ring
  2502 | D:6      | Found an ancient bone altar of Kikubaaqudgha.
  2504 | D:6      | Found a blossoming altar of Fedhas.
  2542 | D:6      | Identified the cursed ring "Zuujos" {rPois AC-4} (You found
                  | it on level 6 of the Dungeon)
  2597 | D:6      | Noticed Grinder
  2612 | D:6      | Paralysed by Grinder for 6 turns
  2627 | D:6      | Killed Grinder
  2627 | D:6      | Gained mutation: You passively map the area around you.
                  | [Deep Dwarf growth]
  2627 | D:6      | Reached XP level 9. HP: 76/85 MP: 9/9
  3081 | D:6      | Found a runed translucent door.
  3082 | D:6      | Noticed Crazy Yiuf
  3094 | D:6      | Killed Crazy Yiuf
  3294 | D:7      | Reached skill level 5 in Invocations
  3309 | D:7      | Found Kaylinaysk's Assorted Antiques.
  3455 | D:7      | Found Neihemaw's Assorted Antiques.
  3463 | D:7      | Reached skill level 8 in Axes
  3466 | D:7      | Bought a scroll labeled XAURAJ WYT NEN for 27 gold pieces
  3759 | D:8      | Reached ** piety under Makhleb
  3955 | D:8      | Found a basalt altar of Yredelemnul.
  4337 | D:8      | Noticed a two-headed ogre
  4349 | D:8      | Killed a two-headed ogre
  4349 | D:8      | Reached XP level 10. HP: 66/96 MP: 10/10
  4356 | D:8      | Reached skill level 9 in Axes
  4921 | D:9      | Noticed a manticore
  4935 | D:9      | Killed a manticore
  5094 | D:9      | Found a bloodstained altar of Trog.
  5094 | D:9      | Found an iron altar of Okawaru.
  5523 | D:10     | Entered Level 10 of the Dungeon
  5584 | D:10     | Reached skill level 10 in Axes
  5628 | D:10     | Reached *** piety under Makhleb
  5687 | D:10     | Found a staircase to the Lair.
  5838 | D:10     | Reached XP level 11. HP: 83/106 MP: 8/8
  5847 | D:10     | Found Necesunt's Magic Scroll Emporium.
  6311 | D:11     | Noticed a two-headed ogre
  6340 | D:11     | Killed a two-headed ogre
  6465 | D:11     | Noticed a two-headed ogre
  6483 | D:11     | Killed a two-headed ogre
  6876 | D:12     | Found a staircase to the Orcish Mines.
  6892 | D:12     | Reached **** piety under Makhleb
  7014 | D:12     | Reached skill level 11 in Axes
  7066 | D:12     | Found Tiosomm's Distillery.
  7117 | D:12     | Noticed a purple ugly thing
  7317 | D:12     | Killed a purple ugly thing
  7713 | D:13     | Found a gate to the Vaults.
  7713 | D:13     | Noticed a vault guard
  7713 | D:13     | Noticed a vault guard
  7713 | D:13     | Noticed a vault guard
  7713 | D:13     | Noticed a vault guard
  7754 | D:13     | Killed a vault guard
  7775 | D:13     | Killed a vault guard
  7775 | D:13     | Reached skill level 10 in Fighting
  7787 | D:13     | Killed a vault guard
  7801 | D:13     | Killed a vault guard
  7801 | D:13     | Reached XP level 12. HP: 49/116 MP: 9/9
  7968 | D:13     | Noticed Jorgrun
  7983 | D:13     | Hit by a large rock thrown by a cyclops

Illustrated notes

Levels and vault maps discovered:
D:1:      roderic_crossed_star, layout_rooms
D:2:      layout_rooms, lemuel_blue_sif_altar,
          chequers_ecumenical_altar_simple_redux, grunt_ministairs_7,
          minmay_bisected
D:3:      layout_basic, portal_sewer_entry_e, feat_on_display
D:4:      layout_loops_ring, vehumet_statue, amethyst_overflow_temple_binary,
          lemuel_temple_firewalk_b, serial_shops, shop, shop,
          nicolae_shop_overgrown_old_shop, nicolae_shop_statue_plus,
          uniq_duvessa
D:5:      layout_rooms, serial_shops, nicolae_shop_behind_doors, corexii_shack,
          lemuel_statue_altar
D:6:      layout_basic, grunt_temple_overflow_growth_and_decay,
          marbit_many_paths, grunt_temple_overflow_order_and_chaos_1,
          serial_shops, shop, hangedman_decor_opposing, minmay_pentangle,
          uniq_sigmund, uniq_crazy_yiuf_cottage, uniq_grinder
D:7:      layout_loops_cross, serial_shops, nicolae_shop_overgrown_old_shop,
          shop
D:8:      layout_basic, yredelemnul_altar_generic
D:9:      layout_loops_corners, grunt_temple_overflow_bloody_war
D:10:     layout_loops_ring, erik_lair_island, serial_shops, shop
D:11:     layout_rooms
D:12:     layout_irregular_city, david_orc_2, serial_co_window_serial,
          co_window_of_opportunity_a, co_window_corner_a, co_window_corner_a,
          co_window_paths_a, co_window_of_opportunity_a, co_window_corner_a,
          co_window_paths_b, co_window_corner_a, co_window_paths_a,
          co_window_of_opportunity_b, co_window_2corner,
          co_window_of_opportunity_b, serial_shops, shop, minivault_27
D:13:     layout_loops_ring, lightli_vaults_fourway_checkpoint, minmay_bent,
          uniq_jorgrun
Temple:   eino_wide_crystal_templ

Skill      XL: |  1  2  3  4  5  6  7  8  9 10 11 12 |
---------------+-------------------------------------+-----
Fighting       | 3 4 5 6 7 9 10 | 10.4
Axes           | 3 4 5 6 7 8 10 11 | 11.8
Armour         | 4 5 6 7 9 |  9.1
Shields        | 4 5 6 7 8 9 |  9.0
Invocations    | 1 3 4 6 7 9 |  9.3

Action                   |  1- 3 |  4- 6 |  7- 9 | 10-12 || total
-------------------------+-------+-------+-------+-------++-------
Melee: War axe           |    58 |    94 |   445 |   647 ||  1244
       Unarmed           |       |    24 |       |       ||    24
 Abil: Heal Wounds       |       |     4 |    12 |    24 ||    40
Evoke: Wand              |       |       |       |     1 ||     1
  Use: Scroll            |       |    11 |     8 |     5 ||    24
       Potion            |       |       |       |     1 ||     1
Armor: Scale mail        |    61 |    33 |       |       ||    94
       Skin              |       |     5 |       |       ||     5
       Chain mail        |       |     3 |   136 |       ||   139
       Plate armour      |       |       |    70 |   382 ||   452
Dodge: Dodged            |    39 |    48 |    96 |   124 ||   307
Block: Kite shield       |    44 |    55 |   258 |   378 ||   735

Table legend: (Time is in decaauts)
 A = Elapsed time spent in this place.
 B = Non-inter-level travel time spent in this place.
 C = Inter-level travel time spent in this place.
 D = Time resting spent in this place.
 E = Time spent auto-exploring this place.
 F = Levels seen in this place.
 G = Mean time per level.
                   A        B        C        D        E       F      G
               +--------+--------+--------+--------+--------+-----+--------+
         Total |   8140 |   7730 |    410 |      0 |   5530 |  14 |  581.4 |
       Dungeon |   8064 |   7680 |    384 |      0 |   5483 |  13 |  620.3 |
        Temple |     75 |     49 |     26 |      0 |     47 |   1 |   75.0 |
               +--------+--------+--------+--------+--------+-----+--------+

Top non-repeatable levels by time:
     D:6: 1217 daAuts
     D:8: 977 daAuts
     D:9: 861 daAuts
    D:12: 845 daAuts
     D:4: 806 daAuts
    D:10: 793 daAuts
     D:7: 605 daAuts
     D:5: 571 daAuts
    D:11: 525 daAuts
     D:3: 390 daAuts
    D:13: 303 daAuts
     D:2: 146 daAuts
  Temple: 75 daAuts
     D:1: 21 daAuts
